TOP OF THE 1ST |
Albuquerque Isotopes batting - Pitching for Las Vegas 51s : RHP David Anzaldua
|
Pitching: RHP David Anzaldua
|
|
Batting: LHB Alfredo de la Cruz
|
0-0: Ball 1-0: Swinging Strike 1-1: Foul Ball, location: 2F 1-2: Foul Ball, location: 2F 1-2: Strikes out swinging, 2-3 out at first.
|
Batting: LHB Pablo Cardona
|
0-0: Ball 1-0: Ball 2-0: Ball 3-0: Called Strike 3-1: Foul Ball, location: 2F 3-2: Base on Balls
|
Batting: RHB Chris King
|
0-0: Called Strike 0-1: Called Strike Pablo Cardona steals 2nd base 0-2: Foul Ball, location: 2F 0-2: Ball 1-2: Ball 2-2: Strikes out swinging
|
Batting: RHB Adrian Rudkilde
|
0-0: Ball 1-0: Ball 2-0: Swinging Strike 2-1: Swinging Strike 2-2: Ball 3-2: Foul Ball, location: 2F 3-2: Foul Ball, location: 2F 3-2: Base on Balls
|
Batting: LHB Chad Persaud
|
0-0: Ground out 4-3 (Groundball, 4M, EV 82.5 MPH)
|
Top of the 1st over - 0 runs, 0 hits, 0 errors, 2 left on base; Albuquerque 0 - Las Vegas 0 |
BOTTOM OF THE 1ST |
Las Vegas 51s batting - Pitching for Albuquerque Isotopes : LHP Angel Contreras
|
Pitching: LHP Angel Contreras
|
|
Batting: SHB Jason Larson
|
0-0: Swinging Strike 0-1: Ball 1-1: Ball 2-1: Ball 3-1: Swinging Strike 3-2: Foul Ball, location: 2F 3-2: Base on Balls
|
Batting: LHB Adam Hairston
|
0-0: Fielders Choice at 2nd, 3-6 (Groundball, 3, EV 82.5 MPH)
|
Batting: RHB Josh Jones
|
0-0: Foul Ball, location: 2F 0-1: Swinging Strike 0-2: Grounds into double play, 4-6-3 (Groundball, 4, EV 86.2 MPH)
|
Bottom of the 1st over - 0 runs, 0 hits, 0 errors, 0 left on base; Albuquerque 0 - Las Vegas 0 |
TOP OF THE 2ND |
Albuquerque Isotopes batting - Pitching for Las Vegas 51s : RHP David Anzaldua
|
Batting: RHB Sadataka Kuwahara
|
0-0: Ball 1-0: Ball 2-0: Reached on error, E5 (Groundball, 56S, EV 93.1 MPH)
|
Batting: SHB Jamel Wright
|
0-0: Called Strike 0-1: Foul Ball, location: 2F 0-2: Ball 1-2: Fly out, F7 (Flyball, 7S, EV 93.1 MPH)
|
Batting: RHB Mike Ball
|
0-0: Called Strike 0-1: Swinging Strike 0-2: Fielders Choice at 2nd, 4-6 (Groundball, 34S, EV 90.0 MPH)
|
Batting: RHB Ben Taylor
|
0-0: Called Strike Mike Ball steals 2nd base 0-1: Foul Ball, location: 2F 0-2: Strikes out swinging, 2-3 out at first.
|
Top of the 2nd over - 0 runs, 0 hits, 1 error, 1 left on base; Albuquerque 0 - Las Vegas 0 |
BOTTOM OF THE 2ND |
Las Vegas 51s batting - Pitching for Albuquerque Isotopes : LHP Angel Contreras
|
Batting: SHB Harrison Feist
|
0-0: Foul Ball, location: 2F 0-1: Foul Ball, location: 2F 0-2: Strikes out swinging
|
Batting: LHB Bill Armijo
|
0-0: Foul Ball, location: 2F 0-1: Swinging Strike 0-2: Foul Ball, location: 2F 0-2: Ball 1-2: Ball 2-2: Foul Ball, location: 2F 2-2: SINGLE (Flyball, 78S, EV 85.6 MPH)
|
Batting: RHB Ken Fitzpatrick
|
0-0: Swinging Strike 0-1: Swinging Strike 0-2: Foul Ball, location: 2F 0-2: Ball 1-2: Strikes out swinging
|
Batting: RHB Darwin Mills
|
0-0: Fielders Choice at 2nd, 6-4 (Groundball, 6, EV 90.6 MPH)
|
Bottom of the 2nd over - 0 runs, 1 hit, 0 errors, 1 left on base; Albuquerque 0 - Las Vegas 0 |
TOP OF THE 3RD |
Albuquerque Isotopes batting - Pitching for Las Vegas 51s : RHP David Anzaldua
|
Batting: LHB Alfredo de la Cruz
|
0-0: Ball 1-0: Ground out 4-3 (Groundball, 4, EV 90.6 MPH)
|
Batting: LHB Pablo Cardona
|
0-0: Ball 1-0: Ball 2-0: Foul Ball, location: 2F 2-1: DOUBLE (Line Drive, 5D, EV 109.4 MPH)
|
Batting: RHB Chris King
|
0-0: Ball 1-0: Ground out 3-1 (Groundball, 34, EV 95.0 MPH) Pablo Cardona to third
|
Batting: RHB Adrian Rudkilde
|
0-0: Ball 1-0: Ball 2-0: Called Strike 2-1: Swinging Strike 2-2: SINGLE (Line Drive, 5D, EV 98.8 MPH) Pablo Cardona scores
|
Batting: LHB Chad Persaud
|
0-0: Called Strike 0-1: Called Strike 0-2: Ball 1-2: Foul Ball, location: 2F 1-2: SINGLE (Groundball, 34D, EV 94.4 MPH) Adrian Rudkilde to second Runner from 2nd tries for 3rd, SAFE, throw by RF made to third
|
Batting: RHB Sadataka Kuwahara
|
0-0: Ball 1-0: Ball 2-0: Called Strike 2-1: Foul Ball, location: 2F 2-2: Strikes out swinging
|
Top of the 3rd over - 1 run, 3 hits, 0 errors, 2 left on base; Albuquerque 1 - Las Vegas 0 |
BOTTOM OF THE 3RD |
Las Vegas 51s batting - Pitching for Albuquerque Isotopes : LHP Angel Contreras
|
Batting: RHB Devine Adams
|
0-0: Called Strike 0-1: Ground out 6-3 (Groundball, 6, EV 108.1 MPH)
|
Batting: LHB Jose Chavez
|
0-0: Ball 1-0: Ground out 4-3 (Groundball, 4M, EV 89.4 MPH)
|
Batting: SHB Jason Larson
|
0-0: Ball 1-0: Ball 2-0: Ground out 5-3 (Groundball, 5S, EV 82.5 MPH)
|
Bottom of the 3rd over - 0 runs, 0 hits, 0 errors, 0 left on base; Albuquerque 1 - Las Vegas 0 |
TOP OF THE 4TH |
Albuquerque Isotopes batting - Pitching for Las Vegas 51s : RHP David Anzaldua
|
Batting: SHB Jamel Wright
|
0-0: Foul Ball, location: 2F 0-1: Ball 1-1: Ground out 5-3 (Groundball, 5, EV 86.9 MPH)
|
Batting: RHB Mike Ball
|
0-0: Ball 1-0: Reached via error on a dropped throw from 1B, E1 (Groundball, 34, EV 89.4 MPH)
|
Batting: RHB Ben Taylor
|
0-0: Ball Mike Ball is caught stealing 2nd base 2-4 1-0: Ball 2-0: Called Strike 2-1: Swinging Strike 2-2: Strikes out swinging
|
Top of the 4th over - 0 runs, 0 hits, 1 error, 0 left on base; Albuquerque 1 - Las Vegas 0 |
BOTTOM OF THE 4TH |
Las Vegas 51s batting - Pitching for Albuquerque Isotopes : LHP Angel Contreras
|
Batting: LHB Adam Hairston
|
0-0: Bunted foul 0-1: Ball 1-1: Ball 2-1: Ball 3-1: Base on Balls
|
Batting: RHB Josh Jones
|
0-0: Ball 1-0: Ball Adam Hairston is caught stealing 2nd base 2-4 2-0: Ground out 4-3 (Groundball, 4, EV 76.9 MPH)
|
Batting: SHB Harrison Feist
|
0-0: Foul Ball, location: 2F 0-1: Ball 1-1: Ground out 6-3 (Groundball, 6, EV 91.9 MPH)
|
Bottom of the 4th over - 0 runs, 0 hits, 0 errors, 0 left on base; Albuquerque 1 - Las Vegas 0 |
TOP OF THE 5TH |
Albuquerque Isotopes batting - Pitching for Las Vegas 51s : RHP David Anzaldua
|
Batting: LHB Alfredo de la Cruz
|
0-0: Foul Ball, location: 2F 0-1: Swinging Strike 0-2: Foul Ball, location: 2F 0-2: SINGLE (Groundball, 5S, EV 70.0 MPH) (infield hit)
|
Batting: LHB Pablo Cardona
|
0-0: Ball Alfredo de la Cruz steals 2nd base 1-0: Foul Ball, location: 2F 1-1: Ball 2-1: Called Strike 2-2: Ball 3-2: SINGLE (Groundball, 34D, EV 107.5 MPH) Alfredo de la Cruz to third Runner from 3rd tries for Home, SAFE, throw by RF to home
|
Batting: RHB Chris King
|
0-0: Ball 1-0: Fielders Choice at 2nd, 1-4 (Groundball, 15S, EV 63.1 MPH)
|
Batting: RHB Adrian Rudkilde
|
0-0: Ball 1-0: Foul Ball, location: 2F 1-1: Ball 2-1: Fly out, F9 (Flyball, 89S, EV 88.1 MPH)
|
Batting: LHB Chad Persaud
|
0-0: Ball 1-0: Ball Wild Pitch! Chris King to second 2-0: Foul Ball, location: 2F 2-1: SINGLE (Flyball, 4D, EV 91.2 MPH) Chris King to third Runner from 3rd tries for Home, throw by RF and OUT! 9-2
|
Top of the 5th over - 1 run, 3 hits, 0 errors, 1 left on base; Albuquerque 2 - Las Vegas 0 |
BOTTOM OF THE 5TH |
Las Vegas 51s batting - Pitching for Albuquerque Isotopes : LHP Angel Contreras
|
Batting: LHB Bill Armijo
|
0-0: Ball 1-0: Ball 2-0: Ground out 6-3 (Groundball, 6, EV 106.9 MPH)
|
Batting: RHB Ken Fitzpatrick
|
0-0: Called Strike 0-1: Fly out, F7 (Flyball, 7D, EV 87.5 MPH)
|
Batting: RHB Darwin Mills
|
0-0: Called Strike 0-1: Ground out 5-3 (Groundball, 56, EV 85.0 MPH)
|
Bottom of the 5th over - 0 runs, 0 hits, 0 errors, 0 left on base; Albuquerque 2 - Las Vegas 0 |
TOP OF THE 6TH |
Albuquerque Isotopes batting - Pitching for Las Vegas 51s : RHP David Anzaldua
|
Batting: RHB Sadataka Kuwahara
|
0-0: Called Strike 0-1: Ball 1-1: Foul Ball, location: 2F 1-2: Ground out U3 (Groundball, 34S, EV 60.6 MPH)
|
Batting: SHB Jamel Wright
|
0-0: Ball 1-0: Ball 2-0: Called Strike 2-1: Fly out, F7 (Flyball, 78D, EV 105.6 MPH)
|
Batting: RHB Mike Ball
|
0-0: Ball 1-0: Fly out, F4 (Line Drive, 4, EV 59.4 MPH)
|
Top of the 6th over - 0 runs, 0 hits, 0 errors, 0 left on base; Albuquerque 2 - Las Vegas 0 |
BOTTOM OF THE 6TH |
Las Vegas 51s batting - Pitching for Albuquerque Isotopes : LHP Angel Contreras
|
Batting: RHB Devine Adams
|
0-0: Fly out, F8 (Flyball, 89M, EV 88.8 MPH)
|
Batting: LHB Jose Chavez
|
0-0: Called Strike 0-1: Ball 1-1: Fly out, F7 (Flyball, 7LM, EV 93.8 MPH)
|
Batting: SHB Jason Larson
|
0-0: Foul Ball, location: 2F 0-1: SINGLE (Groundball, 6MS, EV 69.4 MPH) (infield hit)
|
Batting: LHB Adam Hairston
|
0-0: Called Strike 0-1: Ball Jason Larson steals 2nd base (no throw) 1-1: SINGLE (Line Drive, 78S, EV 105.6 MPH) Jason Larson to third Runner from 3rd tries for Home, throw by LF and OUT! 7-2
|
Bottom of the 6th over - 0 runs, 2 hits, 0 errors, 1 left on base; Albuquerque 2 - Las Vegas 0 |
TOP OF THE 7TH |
Albuquerque Isotopes batting - Pitching for Las Vegas 51s : RHP David Anzaldua
|
Pitching: RHP Jason Vulich
|
|
Batting: RHB Ben Taylor
|
0-0: Ball 1-0: Foul Ball, location: 2F 1-1: SINGLE (Line Drive, 8RS, EV 108.8 MPH)
|
Batting: LHB Alfredo de la Cruz
|
0-0: Ball 1-0: Ball 2-0: Fly out, F7 (Flyball, 7D, EV 101.9 MPH)
|
Batting: LHB Pablo Cardona
|
0-0: Ball 1-0: 2-RUN HOME RUN (Flyball, 9LD, EV 93.1 MPH), Distance : 345 ft
|
Batting: RHB Chris King
|
0-0: Ball 1-0: Foul Ball, location: 2F 1-1: Fly out, F9 (Flyball, 89M, EV 88.1 MPH)
|
Batting: RHB Adrian Rudkilde
|
0-0: Foul Ball, location: 2F 0-1: Foul Ball, location: 2F 0-2: Foul Ball, location: 2F 0-2: Ball 1-2: Strikes out swinging
|
Top of the 7th over - 2 runs, 2 hits, 0 errors, 0 left on base; Albuquerque 4 - Las Vegas 0 |
BOTTOM OF THE 7TH |
Las Vegas 51s batting - Pitching for Albuquerque Isotopes : LHP Angel Contreras
|
Batting: RHB Josh Jones
|
0-0: Ball 1-0: SINGLE (Groundball, 34D, EV 110.0 MPH)
|
Batting: SHB Harrison Feist
|
0-0: Ball Josh Jones steals 2nd base 1-0: Swinging Strike 1-1: Ball 2-1: Called Strike 2-2: Strikes out swinging
|
Batting: LHB Bill Armijo
|
0-0: Foul Ball, location: 2F 0-1: Swinging Strike 0-2: Ball 1-2: Ball 2-2: Strikes out swinging
|
Batting: RHB Ken Fitzpatrick
|
0-0: Called Strike 0-1: Foul Ball, location: 2F 0-2: Strikes out swinging
|
Bottom of the 7th over - 0 runs, 1 hit, 0 errors, 1 left on base; Albuquerque 4 - Las Vegas 0 |
TOP OF THE 8TH |
Albuquerque Isotopes batting - Pitching for Las Vegas 51s : RHP Jason Vulich
|
Batting: LHB Chad Persaud
|
0-0: Called Strike 0-1: Fly out, F4 (Popup, 4, EV 50.0 MPH)
|
Batting: RHB Sadataka Kuwahara
|
0-0: Called Strike 0-1: Ball 1-1: Ball 2-1: Ball 3-1: Called Strike 3-2: Strikes out swinging
|
Batting: SHB Jamel Wright
|
0-0: Called Strike 0-1: Ball 1-1: Ball 2-1: Fly out, F4 (Popup, 4D, EV 56.9 MPH)
|
Top of the 8th over - 0 runs, 0 hits, 0 errors, 0 left on base; Albuquerque 4 - Las Vegas 0 |
BOTTOM OF THE 8TH |
Las Vegas 51s batting - Pitching for Albuquerque Isotopes : LHP Angel Contreras
|
Batting: RHB Darwin Mills
|
0-0: Foul Ball, location: 2F 0-1: Fly out, F9 (Line Drive, 89M, EV 96.2 MPH)
|
Batting: RHB Devine Adams
|
0-0: Called Strike 0-1: Foul Ball, location: 2F 0-2: Ball 1-2: Strikes out looking
|
Batting: LHB Jose Chavez
|
0-0: Ball 1-0: Called Strike 1-1: Ball 2-1: Foul Ball, location: 2F 2-2: Foul Ball, location: 2F 2-2: Foul Ball, location: 2F 2-2: Foul Ball, location: 2F 2-2: Ground out U3 (Groundball, 3, EV 106.2 MPH)
|
Bottom of the 8th over - 0 runs, 0 hits, 0 errors, 0 left on base; Albuquerque 4 - Las Vegas 0 |
TOP OF THE 9TH |
Albuquerque Isotopes batting - Pitching for Las Vegas 51s : RHP Jason Vulich
|
Pitching: RHP Ryan Wilson
|
|
Batting: RHB Mike Ball
|
0-0: SINGLE (Groundball, 15S, EV 66.2 MPH) (infield hit)
|
Batting: RHB Ben Taylor
|
0-0: Sac Bunt to 25 - play at first, batter OUT! 5-3 Mike Ball to second
|
Batting: LHB Alfredo de la Cruz
|
0-0: Ball 1-0: Called Strike 1-1: Ball 2-1: Ball Wild Pitch! Mike Ball to third 3-1: Foul Ball, location: 2F 3-2: Foul Ball, location: 2F 3-2: Fly out, F7 (Line Drive, 7, EV 101.2 MPH)
|
Batting: LHB Pablo Cardona
|
0-0: Called Strike 0-1: Ground out 4-3 (Groundball, 34D, EV 102.5 MPH)
|
Top of the 9th over - 0 runs, 1 hit, 0 errors, 1 left on base; Albuquerque 4 - Las Vegas 0 |
BOTTOM OF THE 9TH |
Las Vegas 51s batting - Pitching for Albuquerque Isotopes : LHP Angel Contreras
|
Batting: SHB Jason Larson
|
0-0: Ball 1-0: Ground out U3 (Groundball, 34, EV 85.6 MPH)
|
Batting: LHB Adam Hairston
|
0-0: Ground out 6-3 (Groundball, 6, EV 90.0 MPH)
|
Batting: RHB Josh Jones
|
0-0: Called Strike 0-1: Foul Ball, location: 2F 0-2: Ball 1-2: Foul Ball, location: 2F 1-2: Ball 2-2: Strikes out looking
|
Bottom of the 9th over - 0 runs, 0 hits, 0 errors, 0 left on base; Albuquerque 4 - Las Vegas 0 |
|